 Dungeon Crawl Stone Soup version 0.21-a0-85-ga0cb861 (webtiles) character file.

71378 Malacante the Brawler (level 14, 0/131 HPs)
             Began as a Troll Berserker on June 25, 2017.
             Was a High Priest of Trog.
             Slain by a redback (7 damage)
             ... on level 1 of the Spider Nest.
             The game lasted 01:09:29 (21699 turns).

Malacante the Brawler (Troll Berserker)            Turns: 21699, Time: 01:09:30

Health: 0/131      AC: 16    Str: 32    XL:     14   Next: 97%
Magic:  19/19      EV: 12    Int:  3    God:    Trog [*****.]
Gold:   1449       SH:  4    Dex: 12    Spells: 13/13 levels left

rFire    + + .     SeeInvis .     - Unarmed
rCold    . . .     Gourm    +   (no shield)
rNeg     + . .     Faith    .   Y - +1 fire dragon scales
rPois    +         Spirit   .   (helmet restricted)
rElec    .         Reflect  +   p - +2 cloak
rCorr    .         Harm     .   (gloves unavailable)
MR       +....                  (boots unavailable)
Stlth    ..........             N - amulet "Deum" {Reflect Dex+3 SH+4}
HPRegen  0.71/turn              X - ring "Hiawnoa" {rC+ rN+ Slay+4}
MPRegen  0.16/turn              V - ring of poison resistance

@: lethally poisoned (0 -> -18), berserk cooldown, slowed, very slow
A: unfitting armour, claws 3, fast metabolism 3, gourmand, regeneration 1,
shaggy fur 1, tough skin 2
a: Berserk, Trog's Hand, Brothers in Arms, Burn Spellbooks, Renounce Religion


You were on level 1 of the Spider Nest.
You worshipped Trog.
Trog was extremely pleased with you.
You were very full.

You visited 4 branches of the dungeon, and saw 22 of its levels.
You also visited: Sewer.

You collected 2032 gold pieces.
You spent 583 gold pieces at shops.

Inventory:

Hand Weapons
 T - the +10 hunting sling of Truth {velocity, rElec Dex+4}
   (Trog gifted it to you on level 12 of the Dungeon)

   Any stone fired from it inflicts extra damage.
   It affects your dexterity (+4).
   It insulates you from electricity.
Missiles
 a - 163 sling bullets
 d - 584 stones (quivered)
 w - 6 throwing nets
Armour
 p - a +2 cloak (worn)
 Y - +1 fire dragon scales (worn)
Jewellery
 g - a +6 ring of dexterity
 K - an uncursed ring of flight
 N - the amulet "Deum" (around neck) {Reflect Dex+3 SH+4}
   (You found it on level 3 of the Lair of Beasts)

   [amulet of reflection]

   It shields you and reflects attacks.
   It affects your dexterity (+3).
   It affects your SH (+4).
 P - an uncursed ring of protection from fire
 V - a ring of poison resistance (right claw)
 X - the ring "Hiawnoa" (left claw) {rC+ rN+ Slay+4}
   (You bought it in a shop on level 2 of the Orcish Mines)

   [ring of protection from cold]

   It affects your accuracy and damage with ranged weapons and melee attacks
   (+4).
   It protects you from cold.
   It protects you from negative energy.
Wands
 m - a wand of disintegration (6/24)
 v - a wand of iceblast (7/15)
 z - a wand of iceblast (9/15)
 G - a wand of lightning (3/15)
 H - a wand of iceblast (5/15)
 I - a wand of paralysis (6/24)
 M - a wand of flame (24/48)
 O - a wand of digging (11/24)
 S - a wand of polymorph (20/24)
 U - a wand of confusion (35/48)
Scrolls
 f - 3 scrolls of immolation
 i - 5 scrolls of enchant weapon
 n - 9 scrolls of remove curse
 o - 5 scrolls of magic mapping
 u - 4 scrolls of teleportation
 y - 5 scrolls of recharging
 B - a scroll of fog
 C - 3 scrolls of fear
 L - a scroll of blinking
 W - 2 scrolls of holy word
Potions
 c - 13 potions of curing
 e - 4 potions of brilliance
 j - a potion of might
 k - 3 potions of heal wounds
 l - 2 potions of invisibility
 q - a potion of haste
 r - 3 potions of magic
 s - 3 potions of mutation
 t - 2 potions of lignification
 x - 4 potions of flight
 D - 4 potions of agility
 E - 2 potions of resistance
 J - a potion of ambrosia
 Q - 3 potions of berserk rage
Miscellaneous
 R - a lightning rod (4/4)
Comestibles
 b - 19 bread rations
 h - 8 meat rations
 A - 6 royal jellies
 Z - 13 fruits


   Skills:
 - Level 6.9 Fighting
 + Level 5.5(5.6) Slings
 - Level 1.5(4.9) Throwing
 - Level 3.4 Armour
 - Level 8.6 Dodging
 - Level 18.2 Unarmed Combat
 - Level 8.5 Evocations


You had 13 spell levels left.
You didn't know any spells.

Dungeon Overview and Level Annotations

Branches:
Dungeon (12/15)            Temple (0/1) D:5            Lair (6/6) D:10
  Swamp (0/4) Lair:4       Spider (2/4) Lair:4        Slime (0/5) Lair:5
    Orc (2/2) D:11            Elf (0/3) Orc:2

Altars:
Elyvilon
Fedhas
Gozag
Hepliaklqana
Makhleb
Nemelex Xobeh
Okawaru
Ru
Trog
Uskayaw
Wu Jian
Xom
Zin
Beogh
Jiyva

Shops:
Orc:2 :==%?


Innate Abilities, Weirdness & Mutations

You are too large for most types of armour.
You have claws for hands.
Your metabolism is lightning-fast.
You like to eat raw meat.
Your natural rate of healing is unusually fast.
You are covered in fur. (AC +1)
You have very tough skin. (AC +2)


Message History

You feel a strong urge to attack something.
You start resting.
You are no longer berserk.
You are exhausted.
You feel yourself slow down.
You start resting.
A redback comes into view.
A moth of wrath comes into view.
There is a stone staircase leading down, spattered with blood here.
You fail to use your ability.
The moth of wrath goads the redback on!
The redback goes berserk!
The redback bites you!
* * * LOW HITPOINT WARNING * * *
You are poisoned.
The redback poisons you!
You fail to use your ability.
You feel very sick. The redback bites you!!
* * * LOW HITPOINT WARNING * * *
The redback bites you!
You die...

#.......## .#..#.#..####
..#..#..###.##
.##..#...##...#
.......#...#### .
#....###..##..#
#....##.....#...##
#.y.#†##.##.....#
#...s@†#†...#.####
#.#..#.#...#.##...# .#.
#..#.......#...#.#
#...####.#.##.###.#.#.##
#.#...##.###.##...##.##
....#...#......#.....#
....#.#...#...#..###
#...#..#..#..#..#
#.#....#.###.#.###


You could see a moth of wrath and a redback (berserk).

Vanquished Creatures
  Azrael (D:12)
  Snorg (D:12)
  A spark wasp (Lair:6)
  Josephine (Lair:4)
  3 hydras
  6 two-headed ogres
  An alligator snapping turtle (Lair:6)
  A centaur warrior (D:12)
  A catoblepas (Lair:3)
  5 death yaks (Lair:3)
  2 orc high priests (Orc:2)
  A deep elf knight (D:12)
  2 unseen horrors
  A deep elf archer (D:12)
  A lindwurm (Lair:6)
  2 orc knights
  2 ugly things (D:11)
  2 orc sorcerers (Orc:2)
  5 wolf spiders (Spider:1)
  A deep elf mage (D:12)
  2 cyclopes
  Joseph (D:9)
  3 elephants (Lair:4)
  8 black mambas
  A gargoyle (D:11)
  A torpor snail (Lair:3)
  Psyche (D:9)
  A molten gargoyle (Lair:6)
  5 spiny frogs
  A rime drake (Lair:6)
  A demonic crawler (Spider:1)
  14 komodo dragons
  A polar bear (Lair:6)
  2 hornets
  5 trolls
  2 tyrant leeches (Lair:4)
  10 jumping spiders
  11 hippogriffs
  6 dream sheep (Lair:6)
  5 blink frogs (Lair:3)
  A slime creature (Lair:5)
  17 redbacks
  4 wyverns
  A spriggan (D:7)
  4 tarantellas
  41 yaks
  5 wraiths
  A shadow (D:12)
  5 basilisks (Lair:6)
  A fire elemental (D:12)
  2 hungry ghosts
  2 steam dragons (Lair:6)
  4 wargs
  2 swamp worms (Lair:4)
  11 water moccasins
  11 hell hounds
  8 porcupines
  3 black bears
  3 sky beasts
  2 eyes of draining (D:3)
  A hornet zombie (D:7)
  An ice beast (D:9)
  24 orc warriors
  2 phantoms
  A necrophage (D:8)
  7 ogres
  The ghost of dricus the Cudgeler, an amateur DsAK of Lugonu (D:3)
  16 centaurs
  18 crocodiles
  2 big kobolds
  18 bullfrogs
  A gnoll sergeant (D:8)
  A water moccasin zombie (D:8)
  A wyvern skeleton (D:11)
  2 scorpions
  A howler monkey (D:8)
  4 crimson imps (D:6)
  2 bullfrog zombies (D:11)
  A quasit (D:9)
  4 lava snakes (Lair:6)
  A hound (D:6)
  19 orc priests
  4 jellies
  2 bullfrog skeletons
  2 centaur skeletons
  12 iguanas
  8 worker ants
  19 orc wizards
  5 hell rats (Lair:6)
  2 hound skeletons
  11 gnolls
  14 adders
  5 river rats
  2 shadow imps
  An ooze (D:5)
  6 worms
  2 adder skeletons
  2 dart slugs
  19 leopard geckos
  42 orcs
  3 ball pythons
  5 bats
  6 giant cockroaches
  13 goblins
  13 hobgoblins
  5 jackals (Sewer)
  27 kobolds
  2 quokkas
  19 frilled lizards
  16 rats
  A bush (Lair:5)
  A plant (Sewer)
646 creatures vanquished.

Vanquished Creatures (collateral kills)
  A fire dragon (Lair:6)
  2 orc high priests (Orc:2)
  A death yak (Lair:3)
  A wolf spider (Spider:2)
  A molten gargoyle (Lair:6)
  A hippogriff (Lair:6)
  A wyvern (Lair:6)
  A centaur (D:12)
  A hound (D:8)
  2 orc wizards (Orc:1)
  4 orc priests (Orc:2)
  4 gnolls
  4 orcs
24 creatures vanquished.

Vanquished Creatures (others)
  A steam dragon (Lair:6)
  An eye of draining (D:12)
  2 centaurs
  2 bushes (Lair:6)
  6 fungi
  11 plants
23 creatures vanquished.

Grand Total: 693 creatures vanquished

Notes
Turn   | Place    | Note
-------+----------+-------------------------------------------
     0 | D:1      | Malacante the Troll Berserker began the quest for the Orb.
     0 | D:1      | Reached XP level 1. HP: 22/22 MP: 0/0
   275 | D:1      | Reached XP level 2. HP: 29/29 MP: 1/1
   435 | D:1      | Reached XP level 3. HP: 36/36 MP: 2/2
   540 | D:1      | Reached ** piety under Trog
  1448 | D:2      | Reached XP level 4. HP: 44/44 MP: 3/3
  1880 | D:2      | Reached skill level 4 in Unarmed Combat
  2068 | D:3      | Noticed dricus's ghost (amateur DsAK)
  2079 | D:3      | Killed dricus's ghost
  2079 | D:3      | Reached XP level 5. HP: 52/52 MP: 4/4
  2145 | D:3      | Found a burning altar of Makhleb.
  2179 | D:3      | Reached skill level 5 in Unarmed Combat
  2294 | D:3      | Reached *** piety under Trog
  2323 | D:3      | Found a glowing drain.
  2331 | Sewer    | Entered a sewer
  2506 | Sewer    | Reached XP level 6. HP: 61/61 MP: 5/5
  3300 | D:3      | Found a shimmering altar of Xom.
  3601 | D:3      | Found a bloodstained altar of Trog.
  3613 | D:3      | Reached skill level 6 in Unarmed Combat
  3617 | D:3      | Reached XP level 7. HP: 54/67 MP: 0/6
  3857 | D:4      | Reached **** piety under Trog
  3965 | D:4      | Found an ornate altar of the Wu Jian Council.
  4126 | D:4      | Reached skill level 7 in Unarmed Combat
  4306 | D:4      | Found a sacrificial altar of Ru.
  4411 | D:4      | Found a glowing silver altar of Zin.
  4449 | D:5      | Entered Level 5 of the Dungeon
  4528 | D:5      | Found a staircase to the Ecumenical Temple.
  4556 | D:5      | Found an opulent altar of Gozag.
  4559 | D:5      | Found an iron altar of Okawaru.
  4699 | D:5      | Found a blossoming altar of Fedhas.
  4801 | D:5      | Reached skill level 8 in Unarmed Combat
  4841 | D:5      | Reached XP level 8. HP: 67/75 MP: 7/7
  4966 | D:5      | Found a shimmering altar of Xom.
  5106 | D:5      | Found a hazy altar of Hepliaklqana.
  5441 | D:6      | Reached skill level 9 in Unarmed Combat
  5569 | D:6      | Noticed a troll
  5571 | D:6      | Killed a troll
  5773 | D:6      | Found a bloodstained altar of Trog.
  5777 | D:6      | Reached skill level 10 in Unarmed Combat
  6001 | D:7      | Reached XP level 9. HP: 75/84 MP: 8/8
  6175 | D:7      | Reached skill level 5 in Dodging
  6185 | D:7      | Found a sparkling altar of Nemelex Xobeh.
  6323 | D:7      | Reached ***** piety under Trog
  6586 | D:8      | Reached skill level 11 in Unarmed Combat
  6938 | D:8      | Found a white marble altar of Elyvilon.
  6952 | D:8      | Received a gift from Trog
  7200 | D:8      | Paralysed by a hornet for 1 turns
  7202 | D:8      | Paralysed by a hornet for 2 turns
  7205 | D:8      | Reached skill level 12 in Unarmed Combat
  7513 | D:8      | Found a hide-covered altar of Uskayaw.
  7693 | D:9      | Reached XP level 10. HP: 94/94 MP: 9/9
  7791 | D:9      | Noticed a gargoyle
  7924 | D:9      | Noticed Psyche
  7930 | D:9      | Killed Psyche
  8079 | D:9      | Reached skill level 13 in Unarmed Combat
  8108 | D:9      | Noticed Joseph
  8122 | D:9      | Killed Joseph
  8502 | D:10     | Entered Level 10 of the Dungeon
  8576 | D:10     | Found a staircase to the Lair.
  8745 | D:10     | Noticed a two-headed ogre
  8753 | D:10     | Killed a two-headed ogre
  8883 | D:10     | Noticed a two-headed ogre
  8889 | D:10     | Killed a two-headed ogre
  8889 | D:10     | Reached skill level 14 in Unarmed Combat
  8889 | D:10     | Reached XP level 11. HP: 101/101 MP: 10/10
  9021 | D:10     | Reached skill level 5 in Fighting
  9056 | D:10     | Killed an unseen horror
  9231 | D:10     | Noticed a two-headed ogre
  9237 | D:10     | Killed a two-headed ogre
  9385 | Lair:1   | Entered Level 1 of the Lair of Beasts
  9846 | Lair:1   | Reached skill level 15 in Unarmed Combat
 11366 | Lair:3   | Noticed a catoblepas
 11381 | Lair:3   | Killed a catoblepas
 11489 | Lair:3   | Noticed a six-headed hydra
 11495 | Lair:3   | Killed a nine-headed hydra
 11504 | Lair:3   | Noticed a death yak
 11587 | Lair:3   | Reached XP level 12. HP: 72/113 MP: 11/11
 11888 | Lair:3   | Noticed a death yak
 11889 | Lair:3   | Noticed a death yak
 11891 | Lair:3   | Noticed a death yak
 11892 | Lair:3   | Noticed a death yak
 11893 | Lair:3   | Noticed a death yak
 11894 | Lair:3   | Killed a death yak
 11894 | Lair:3   | Reached skill level 16 in Unarmed Combat
 11899 | Lair:3   | Killed a death yak
 11899 | Lair:3   | Reached skill level 1 in Throwing
 11900 | Lair:3   | Killed a death yak
 11905 | Lair:3   | Killed a death yak
 11907 | Lair:3   | Killed a death yak
 11910 | Lair:3   | Killed a death yak
 11963 | Lair:3   | Got a scorched crystal amulet
 11964 | Lair:3   | Identified the amulet "Deum" {Reflect Dex+3 SH+4} (You found it on level 3 of the Lair of Beasts)
 12095 | Lair:3   | Found a runed door.
 12366 | Lair:3   | Noticed an eight-headed hydra
 12420 | Lair:4   | Noticed Josephine
 12434 | Lair:4   | Killed Josephine
 12434 | Lair:4   | Received a gift from Trog
 12500 | Lair:3   | Killed a 16-headed hydra
 12500 | Lair:3   | Reached skill level 17 in Unarmed Combat
 12650 | Lair:4   | Reached skill level 1 in Evocations
 12940 | Lair:4   | Found a staircase to the Swamp.
 13300 | Lair:4   | Found a hole to the Spider Nest.
 13618 | Lair:4   | Reached XP level 13. HP: 108/122 MP: 15/15
 13913 | Lair:5   | Reached skill level 5 in Evocations
 14270 | Lair:5   | Found a staircase to the Slime Pits.
 14270 | Lair:5   | Found a viscous altar of Jiyva.
 14402 | Lair:5   | Found a sacrificial altar of Ru.
 14813 | Lair:6   | Entered Level 6 of the Lair of Beasts
 14906 | Lair:6   | Noticed a spark wasp
 14906 | Lair:6   | a four-headed hydra changed into a spark wasp
 14909 | Lair:6   | Killed a spark wasp
 15034 | Lair:6   | Received a gift from Trog
 15863 | Lair:6   | Found a large runed door.
 15865 | Lair:6   | Found a large runed door.
 16045 | Lair:6   | Noticed a fire dragon
 16915 | Lair:6   | Killed a fire dragon
 17285 | D:11     | Found a staircase to the Orcish Mines.
 17536 | D:11     | Reached XP level 14. HP: 109/131 MP: 19/19
 17666 | D:11     | Reached skill level 1 in Armour
 17937 | D:12     | Noticed Snorg
 17948 | D:12     | Killed Snorg
 18384 | D:12     | Noticed Azrael
 18409 | D:12     | Killed Azrael
 18597 | D:12     | Reached skill level 18 in Unarmed Combat
 18619 | D:12     | HP: 1/131 [deep elf archer/arrow (23)]
 19144 | D:12     | Received a gift from Trog
 19319 | D:12     | Got a scorched hunting sling {god gift}
 19320 | D:12     | Identified the +10 hunting sling of Truth {velocity, rElec Dex+4} (Trog gifted it to you on level 12 of the Dungeon)
 19430 | D:12     | Found an iron altar of Okawaru.
 19438 | D:12     | Reached skill level 1 in Slings
 19565 | Orc:1    | Entered Level 1 of the Orcish Mines
 19647 | Orc:1    | Found a roughly hewn altar of Beogh.
 20027 | Orc:2    | Entered Level 2 of the Orcish Mines
 20029 | Orc:2    | Found a staircase to the Elven Halls.
 20176 | Orc:2    | Received a gift from Trog
 20183 | Orc:2    | Found Racweasy's Jewellery Shoppe.
 20183 | Orc:2    | Found Erry's Magic Scroll Emporium.
 20195 | Orc:2    | Found Bugaw's Jewellery Shoppe.
 20195 | Orc:2    | Found Toenar's Food Emporium.
 20211 | Orc:2    | Bought the ring "Hiawnoa" {rC+ rN+ Slay+4} for 583 gold pieces
 20558 | Orc:2    | Found Paotalif's Book Shop.
 20979 | Orc:1    | Found a roughly hewn altar of Beogh.
 21291 | Spider:1 | Entered Level 1 of the Spider Nest
 21407 | Spider:1 | Reached skill level 5 in Slings
 21522 | Spider:1 | You fall through a shaft!
 21699 | Spider:1 | Slain by a redback

Vault maps used:
D:1:      dpeg_arrival_solitude, minmay_bisected
D:3:      nicolae_overflow_crystal_walls, old_standard_altar,
          gup_sewer_entry_spiral, trog_eyes_of_draining
D:4:      lemuel_crystal_altar, kennysheep_mini_moat,
          nicolae_ru_great_annihilating_truth, first_bread,
          minmay_tree_intersection
D:5:      overflow_temple_1_default, lemuel_coloured_pillars_altar,
          chequers_temple_overflow_statue_of_worship, temple_fountains,
          xom_teletrap_fun
D:6:      nicolae_overflow_hidden_temple, kennysheep_generic_room_5
D:7:      old_standard_altar, the_bakery, minmay_misc_feat_ornament
D:8:      overflow_temple_1_default, basic_altar
D:9:      uniq_joseph, uniq_psyche
D:10:     minmay_lair_entry_lava
D:11:     orc_0_dummy
D:12:     evilmike_iron_armoury, uniq_azrael, uniq_snorg
Lair:3:   pf_torpor_hydra
Lair:4:   minmay_swamp_entry_worms, nicolae_spider_entry_tight_spaces,
          uniq_josephine
Lair:5:   lemuel_reptile_caves, slime_altar_1, lemuel_centaur_altar
Lair:6:   cheibrodos_lair_end_hotspot, lab_entry_generic, wad_woods_06,
          kennysheep_abandoned_house
Spider:1: uniq_aizul, uniq_nikola, uniq_frances
Spider:2: nicolae_orb_island
Orc:1:    basic_altar, mines1_david
Orc:2:    st_orc_mages, serial_shops, nicolae_shop_crystal
Sewer:    sewer_co_scattered_pipes

Skill      XL: |  1  2  3  4  5  6  7  8  9 10 11 12 13 14 |
---------------+-------------------------------------------+-----
Dodging        | 3 4 5 6 7 8 |  8.6
Unarmed Combat | 4 5 6 8 10 12 14 15 17 18 | 18.2
Fighting       | 3 4 5 6 |  6.9
Throwing       | 1 |  1.5
Evocations     | 4 8 |  8.5
Armour         | 3 |  3.4
Slings         | 5 |  5.5

Action                   |  1- 3 |  4- 6 |  7- 9 | 10-12 | 13-15 || total
-------------------------+-------+-------+-------+-------+-------++-------
Melee: Unarmed           |    96 |   172 |   261 |   377 |   789 ||  1695
       Punch             |       |     5 |    13 |    37 |    92 ||   147
Throw: Stone             |     3 |     4 |       |     3 |     3 ||    13
Invok: Berserk           |     2 |     2 |    10 |    14 |    20 ||    48
       Brothers in Arms  |       |       |     2 |     3 |     8 ||    13
       Burn Spellbooks   |       |       |       |     1 |     2 ||     3
       Trog's Hand       |       |       |       |       |     3 ||     3
Evoke: Wand              |       |       |       |     2 |     9 ||    11
  Use: Scroll            |     2 |     7 |     4 |    18 |     9 ||    40
       Potion            |       |       |       |     1 |     7 ||     8
 Stab: Sleeping          |       |       |     1 |     3 |       ||     4
       Invisible         |       |       |     1 |       |       ||     1
       Paralysed         |       |       |     1 |       |       ||     1
       Distracted        |       |       |       |     1 |     1 ||     2
  Eat: Chunk             |    21 |    19 |    59 |    59 |    98 ||   256
       Fruit             |       |       |     2 |     2 |     1 ||     5
       Meat ration       |       |       |       |       |     1 ||     1
Armor: Animal skin       |    23 |    41 |    83 |    73 |    66 ||   286
       Fire dragon scale |       |       |       |       |   198 ||   198
Dodge: Dodged            |    55 |    67 |   142 |   194 |   455 ||   913
Block: Other             |       |       |       |    13 |   138 ||   151
       Reflection        |       |       |       |       |     9 ||     9
